 Dungeon Crawl Stone Soup version 0.27-a0-124-g19cb506db8 (webtiles) character file.

Game seed: 6693100633303721465

197 lunkers the Skirmisher (level 5, -10/48 HPs)
             Began as a Hill Orc Hunter on Jan 26, 2021.
             Was an Initiate of Okawaru.
             Killed from afar by Grinder (11 damage)
             ... with a puff of flame
             ... while paralysed by Grinder
             ... on level 4 of the Dungeon.
             The game lasted 00:05:06 (3967 turns).

lunkers the Skirmisher (Hill Orc Hunter)            Turns: 3967, Time: 00:05:06

Health: -10/48     AC:  5    Str: 16    XL:     5   Next: 75%
Magic:  5/5        EV:  2    Int: 11    God:    Okawaru [......]
Gold:   154        SH:  0    Dex: 11    Spells: 4/4 levels left

rFire    . . .     SeeInvis .   b - +0 hunting sling
rCold    . . .     Faith    .   (no shield)
rNeg     . . .     Spirit   .   e - +0 ring mail
rPois    .         Reflect  .   (no helmet)
rElec    .         Harm     .   (no cloak)
rCorr    +         Rampage  .   (no gloves)
Will     .....                  (no boots)
Stlth    +.........             (no amulet)
HPRegen  0.16/turn              p - ring of resist corrosion
MPRegen  0.09/turn              (no ring)

@: paralysed
A: no striking features
a: Renounce Religion


You were on level 4 of the Dungeon.
You worshipped Okawaru.
Okawaru was noncommittal.
You visited 1 branch of the dungeon, and saw 4 of its levels.

You collected 154 gold pieces.

Inventory:

Hand Weapons
 a - a +0 short sword
 b - a +0 hunting sling (weapon)
Missiles
 c - 6 javelins
 f - 96 stones
 s - 2 sling bullets (quivered ammo)
Armour
 d - a +0 leather armour
 e - a +0 ring mail (worn)
 j - a +0 plate armour
Jewellery
 p - a ring of resist corrosion (left hand)
Scrolls
 g - a scroll of fear {unknown}
 i - 3 scrolls of identify {unknown}
 k - a scroll of blinking {unknown}
 l - a scroll of enchant weapon {unknown}
 m - 2 scrolls of teleportation {unknown}
 o - a scroll of fog {unknown}
Potions
 h - a potion of heal wounds
 n - a potion of degeneration {unknown}
 q - a potion of curing
 r - a potion of magic {unknown}


   Skills:
 + Level 5.2 Fighting
 + Level 5.0 Throwing
 - Level 1.5 Dodging
 - Level 0.7 Stealth
 + Level 0.2 Invocations


You had 4 spell levels left.
You didn't know any spells.
Your spell library was empty.

Dungeon Overview and Level Annotations

Branches:
Dungeon (4/15)
 Temple: D:4-7

Altars:
Ashenzari
Hepliaklqana
Okawaru
Ru
Trog
Wu Jian
Xom
Yredelemnul

Annotations:
D:4 Grinder


Message History

Grinder hits you.
* * * LOW HITPOINT WARNING * * *
Unknown command.
Fire: 3 sling bullets
Press: ? - help, Q - select action, (/) - cycle Shift-Dir - straight line, f/p - Grinder
Aim: Grinder, carrying a wand of flame (10) (moderately wounded, 55% to hit)
You shoot a sling bullet.
The sling bullet hits Grinder but does no damage.
Grinder is moderately wounded.
Grinder gestures at you.
You suddenly lose the ability to move!
Grinder zaps a wand.
The puff of flame hits you.
* * * LOW HITPOINT WARNING * * *
Grinder zaps a wand.
The puff of flame hits you.
* * * LOW HITPOINT WARNING * * *
Grinder hits you.
* * * LOW HITPOINT WARNING * * *
Grinder says, "Tell me all your secrets, or I'll kill you."
Grinder zaps a wand.
The puff of flame hits you!
You die...

###.######......# #.#
#.....<.###.....##########.#
#.#.###.###.#.............[#
#.........#.#.############
...####.#####.### ...# #.#
##### #.# #.# #@# ...(..(5#
##(###.(# #.(# #..# .(..
(/.. ##.(.


You could see Grinder.

Vanquished Creatures
  An orc priest (D:3)
  Jessica (D:3)
  Terence (D:3)
  6 adders
  An ooze (D:4)
  2 worms
  A dart slug (D:2)
  3 orcs (D:3)
  4 giant cockroaches
  10 goblins
  8 hobgoblins
  9 bats
  2 frilled lizards
  A kobold (D:2)
  A quokka skeleton (D:4)
  4 rats
55 creatures vanquished.

Notes
Turn   | Place    | Note
-------+----------+-------------------------------------------
     0 | D:1      | lunkers the Hill Orc Hunter began the quest for the Orb.
     0 | D:1      | Reached XP level 1. HP: 18/18 MP: 1/1
   210 | D:1      | Reached XP level 2. HP: 25/25 MP: 2/2
   846 | D:2      | Found a broken altar of Ashenzari.
   987 | D:2      | Reached XP level 3. HP: 26/31 MP: 3/3
  1354 | D:2      | HP: 1/33 [adder (2)]
  1718 | D:2      | Reached XP level 4. HP: 40/40 MP: 4/4
  2096 | D:2      | Found a sacrificial altar of Ru.
  2096 | D:2      | Found a shimmering altar of Xom.
  2096 | D:2      | Found a basalt altar of Yredelemnul.
  2097 | D:2      | Found an ornate altar of the Wu Jian Council.
  2097 | D:2      | Found a bloodstained altar of Trog.
  2098 | D:2      | Found a hazy altar of Hepliaklqana.
  2098 | D:2      | Found an iron altar of Okawaru.
  2113 | D:2      | Became a worshipper of Warmaster Okawaru
  2664 | D:3      | Noticed Terence
  2684 | D:3      | Killed Terence
  2685 | D:3      | Reached XP level 5. HP: 43/47 MP: 5/5
  3232 | D:3      | Noticed Jessica
  3243 | D:3      | Killed Jessica
  3244 | D:3      | Reached skill level 5 in Fighting
  3244 | D:3      | Reached skill level 5 in Throwing
  3942 | D:4      | Noticed Grinder
  3944 | D:4      | Paralysed by Grinder for 7 turns
  3964 | D:4      | Paralysed by Grinder for 6 turns
  3965 | D:4      | HP: 2/48 [Grinder/puff of flame (4)]
  3967 | D:4      | Killed from afar by Grinder

Illustrated notes

Levels and vault maps discovered:
D:1:      dpeg_arrival_simpleton_a, layout_loops_ring, grunt_decor_fettered,
          chequers_hall_statues_y
D:2:      layout_basic, evilmike_ruin_ashenzari, grunt_temple_overflow_open
D:3:      layout_basic, kennysheep_nub, uniq_terence, uniq_jessica
D:4:      layout_loops_corners, makhleb_heckhound_becter, temple_pool_b,
          gup_sewer_entry_bowl, minmay_small_thing, uniq_grinder

Skill      XL: |  1  2  3  4  5 |
---------------+----------------+-----
Fighting       | 3 4 5 |  5.2
Throwing       | 4 5 |  5.0
Dodging        | |  1.5
Stealth        | |  0.7
Invocations    | |  0.2

Action                   |  1- 3 |  4- 6 || total
-------------------------+-------+-------++-------
Melee: Short sword       |   118 |   129 ||   247
 Fire: Hunting sling     |       |    23 ||    23
Throw: Stone             |    29 |    10 ||    39
       Javelin           |     4 |       ||     4
       Throwing net      |       |     2 ||     2
  Use: Potion            |     1 |     1 ||     2
 Stab: Held in net/web   |       |     1 ||     1
Armor: Ring mail         |    50 |    36 ||    86
Dodge: Dodged            |    63 |    72 ||   135

Table legend: (Time is in decaauts)
 A = Elapsed time spent in this place.
 B = Non-inter-level travel time spent in this place.
 C = Inter-level travel time spent in this place.
 D = Time resting spent in this place.
 E = Time spent auto-exploring this place.
 F = Levels seen in this place.
 G = Mean time per level.
                   A        B        C        D        E       F      G
               +--------+--------+--------+--------+--------+-----+--------+
         Total |   3989 |   3729 |    260 |    391 |   2740 |   4 |  997.2 |
       Dungeon |   3989 |   3729 |    260 |    391 |   2740 |   4 |  997.2 |
               +--------+--------+--------+--------+--------+-----+--------+

Top non-repeatable levels by time:
     D:3: 1500 daAuts
     D:2: 1463 daAuts
     D:1: 887 daAuts
     D:4: 138 daAuts
